 Dungeon Sprint DCSS version 0.30-a0-50-gb2d611f6b1 (webtiles) character file.

Game seed: 14398986696696706746

91 nono the Blocker (level 4, -2/39 (41) HPs)
             Began as a Formicid Fighter on Sept 4, 2022.
             Was an Initiate of Okawaru.
             Slain by Mudaqag the pandemonium lord (11 damage)
             ... in the Dungeon (Sprint V: "Ziggurat Sprint").
             The game lasted 00:06:27 (347 turns).

nono the Blocker (Formicid Fighter)                  Turns: 347, Time: 00:06:27

HP:   -2/39 (41)    AC: 23    Str: 34    XL:     4   Next: 87%
MP:   3/7           EV:  4    Int:  8    God:    Okawaru [......]
Gold: 0             SH: 18    Dex: 13    Spells: 3/3 levels left

rFire   + . .      SeeInvis +    C - +14 obsidian axe {vorpal, Mesm Drain Fly SInv}
rCold   + . .      Faith    .    y - +3 tower shield
rNeg    . . .      Spirit   .    B - +5 gold dragon scales
rPois   +          Reflect  .    (helmet unavailable)
rElec   .          Harm     .    (no cloak)
rCorr   .          Rampage  +    (no gloves)
Will    .....                    D - +1 pair of boots {rampage}
Stlth   ..........               (no amulet)
HPRegen 0.13/turn                x - +6 ring of strength
MPRegen 0.10/turn                w - +6 ring of strength

@: flying, mesmerised, lightly drained
A: permanent stasis, dig shafts and tunnels, antennae 3, four strong arms
a: Dig, Renounce Religion


You were in the Dungeon.
You worshipped Okawaru.
Okawaru was noncommittal.
You visited 1 branch

Inventory:

Hand Weapons
 a - a +0 war axe
 z - a +5 battleaxe
 A - a +5 executioner's axe
 C - the +14 obsidian axe (weapon) {vorpal, Mesm Drain Fly SInv}
   (You found it in the Dungeon)

   It inflicts extra damage upon your enemies.
   It occasionally summons demons to assist the wielder when it strikes in
   combat.
   Its wielder is mesmerised by any visible foes.
   It cannot be unequipped while any foes are visible.
   SInv:      It lets you see invisible.
   Fly:       It grants you flight.
   Drain:     It drains your maximum health when unequipped.
Armour
 b - a +0 scale mail
 c - a +0 buckler
 y - a +3 tower shield (worn)
 B - +5 gold dragon scales (worn)
 D - a +1 pair of boots of rampaging (worn)
Jewellery
 r - a ring of flight
 s - a +6 ring of dexterity
 t - a +6 ring of dexterity
 u - a +6 ring of intelligence
 v - a +6 ring of intelligence
 w - a +6 ring of strength (right hand)
 x - a +6 ring of strength (left hand)
Wands
 p - a wand of mindburst (7)
 q - a wand of acid (7)
Scrolls
 l - 4 scrolls of amnesia
 m - 7 scrolls of butterflies
 n - 5 scrolls of identify
 o - 2 scrolls of fear
Potions
 d - 6 potions of might
 e - 10 potions of curing
 f - 10 potions of heal wounds
 g - 7 potions of magic
 h - 2 potions of brilliance
 i - 2 potions of invisibility
 j - 4 potions of resistance


   Skills:
 + Level 6.9 Fighting
 + Level 5.2 Axes
 + Level 6.9 Armour
 + Level 8.4 Shields
 + Level 5.1 Invocations


You had 3 spell levels left.
You didn't know any spells.
Your spell library was empty.

Dungeon Overview and Level Annotations

Branches:
Dungeon (1/1)

Altars:
Ashenzari
Cheibriados
Dithmenos
Elyvilon
Fedhas
Gozag
Hepliaklqana
Kikubaaqudgha
Makhleb
Nemelex Xobeh
Okawaru
Qazlal
Ru
Sif Muna
Trog
Uskayaw
Vehumet
Wu Jian
Xom
Yredelemnul
Zin
The Shining One
Jiyva
Lugonu

Annotations:
D 1 transporter


Innate Abilities, Weirdness & Mutations

You cannot be hasted, slowed, berserked, paralysed or teleported.
You can dig through walls and to a lower floor.
You have a pair of large antennae on your head. (SInv)
Your four strong arms can wield two-handed weapons with a shield.


Message History

You feel ready to rampage towards enemies.
You start resting.
HP restored.
There is a transporter here.
Welcome to arena 3.
You enter the transporter and appear at another place.
A white imp, an ufetubus, a Mudaqag and a soul eater come into view.
Visions of slaying the soul eater flood into your mind.
The white imp shouts, "Begone, thou jarring nose-picking snake-molt!"
The ufetubus shouts!
Mudaqag shouts, "Succumb, thou tasty breakfast!"
Found four items.
Found a transporter.
You rampage towards the soul eater!
The soul eater hits you!
You feel drained. You block the ufetubus's attack. x2
Unknown command.
You slash the soul eater!
The soul eater is moderately wounded.
You barely miss the ufetubus. You hit the white imp.
Visions of slaying the ufetubus flood into your mind.
The ufetubus hits you but does no damage.
You block the ufetubus's attack. You block the soul eater's attack.
The white imp gestures at you.
The puff of frost hits you but does no damage.
Mudaqag kicks you!
* * * LOW HITPOINT WARNING * * *
The ufetubus hits you.
* * * LOW HITPOINT WARNING * * *
The ufetubus hits you but does no damage.
You feel more experienced!
Your Fighting skill increases to level 6!
Your Axes skill gained 2 levels and is now at level 5!
Your Armour skill increases to level 6!
Your Shields skill gained 2 levels and is now at level 8!
Your Invocations skill gained 4 levels and is now at level 5!
You have reached level 4!
You feel clever.
Visions of slaying the soul eater flood into your mind.
The ufetubus hits you but does no damage.
You block the ufetubus's attack. Mudaqag kicks you!
You die...

▓▓▓▓▓▓▓▓▓▓▓▓▓▓▓▓▓▓▓
▓.8©8.▓.8©8.▓.8©8.▓
▓.)[).▓.).|.▓.....▓
▓..|..▓.....▓.|.).▓
▓.535.▓.....▓..)).▓
▓..@&.▓.....▓.....▓
▓.....▓.....▓..©..▓
▓..©..▓..©..▓▓▓▓▓▓▓
▓▓▓▓▓▓▓▓▓▓▓▓▓ {{{
{{{ { { {


You could see Mudaqag, a soul eater (mesmerising), a white imp and an ufetubus.

Vanquished Creatures
  An orc priest (D)
  A shadow imp (D)
  An ufetubus (D)
  An orc (D)
  A quokka zombie (D)
5 creatures vanquished.

Notes
Turn   | Place    | Note
-------+----------+-------------------------------------------
     0 | D        | nono the Formicid Fighter began the quest for the Orb.
     0 | D        | Reached XP level 1. HP: 18/18 MP: 1/1
     0 | D        | Found a shimmering blue altar of Sif Muna.
     0 | D        | Found a bloodstained altar of Trog.
     0 | D        | Found a sacrificial altar of Ru.
     0 | D        | Found a stormy altar of Qazlal.
     0 | D        | Found an iron altar of Okawaru.
     1 | D        | Found a sparkling altar of Nemelex Xobeh.
     1 | D        | Found a blossoming altar of Fedhas.
     1 | D        | Found the +6 Majin-Bo {vamp, MP+6 Int+6}
     1 | D        | Found the +9 heavy crossbow "Sniper" {vorpal, Acc+∞ SInv}
     1 | D        | Found the +10 dark maul {vorpal}
     1 | D        | Found the +15 Maxwell's patent armour {-Cast -Tele rElec
                  | Will+ rCorr}
     1 | D        | Found the +18 shield of the Gong {rElec rN+ Will+ EV-5}
     1 | D        | Found the +14 obsidian axe {vorpal, Mesm Drain Fly SInv}
     1 | D        | Found the +7 great mace "Firestarter" {inner flame, rF++}
     1 | D        | Found the +6 shillelagh "Devastator" {shatter}
     1 | D        | Found the +11 plutonium sword {Contam Stlth-}
     1 | D        | Found the +8 lance "Wyrmbane" {slay drac, rPois rF+ rC+
                  | AC+3}
     1 | D        | Found the +9 sword of Zonguldrok {reap}
     1 | D        | Found the +13 scythe of Curses {drain, Drain}
     1 | D        | Found the +5 sword of Power {vorpal}
     1 | D        | Found the +7 mace of Variability {chain chaos}
     1 | D        | Found the +7 Singing Sword {vorpal, sonic wave}
     1 | D        | Found the +8 storm bow {elec, penet}
     3 | D        | Found a transporter.
     3 | D        | Found an ancient bone altar of Kikubaaqudgha.
     3 | D        | Found a viscous altar of Jiyva.
     3 | D        | Found a corrupted altar of Lugonu.
     3 | D        | Found a hazy altar of Hepliaklqana.
     3 | D        | Found a burning altar of Makhleb.
     3 | D        | Found an opulent altar of Gozag.
   134 | D        | Became a worshipper of Warmaster Okawaru
   193 | D        | Entered arena 2.
   193 | D        | Noticed an orc priest
   193 | D        | Found a transporter.
   195 | D        | Killed an orc priest
   196 | D        | Reached skill level 5 in Shields
   196 | D        | Reached XP level 2. HP: 26/26 MP: 2/2
   196 | D        | Reached XP level 3. HP: 31/31 MP: 3/3
   198 | D        | Reached skill level 6 in Shields
   207 | D        | Entered arena 3.
   207 | D        | Found a transporter.
   215 | D        | Reached skill level 5 in Armour
   218 | D        | Reached skill level 5 in Fighting
   218 | D        | Reached skill level 1 in Invocations
   221 | D        | Acquired a +1 pair of boots of rampaging
   344 | D        | Entered arena 4.
   344 | D        | Noticed Mudaqag the pandemonium lord
   344 | D        | Noticed a soul eater
   344 | D        | Found a transporter.
   347 | D        | Reached skill level 5 in Axes
   347 | D        | Reached skill level 8 in Shields
   347 | D        | Reached skill level 5 in Invocations
   347 | D        | Reached XP level 4. HP: 9/39 MP: 3/7
   347 | D        | Slain by Mudaqag the pandemonium lord

Illustrated notes

Levels and vault maps discovered:
D:        sprint_v [room_start, room_1, room_2, room_3, room_4, room_5, room_6,
          room_7, room_8, room_9, room_10, room_11, room_12, room_13, room_14,
          room_15, room_16, room_17, room_18, room_19, room_20, room_21,
          room_22, room_23, room_24, room_25, room_26, room_27]

Skill      XL: |  1  2  3 |
---------------+----------+-----
Fighting       | 4 6 |  6.9
Armour         | 4 6 |  6.9
Shields        | 5 8 |  8.4
Axes           | 5 |  5.2
Invocations    | 5 |  5.1

Action                   |  1- 3 |  4- 6 || total
-------------------------+-------+-------++-------
Melee: Broad axe         |    10 |       ||    10
  Use: Scroll            |     1 |       ||     1
       Potion            |     1 |       ||     1
Armor: Gold dragon scale |    19 |     1 ||    20
Dodge: Dodged            |     2 |       ||     2
Block: Tower shield      |    21 |     1 ||    22

Table legend: (Time is in decaauts)
 A = Elapsed time spent in this place.
 B = Non-inter-level travel time spent in this place.
 C = Inter-level travel time spent in this place.
 D = Time resting spent in this place.
 E = Time spent auto-exploring this place.
 F = Levels seen in this place.
 G = Mean time per level.
                   A        B        C        D        E       F      G
               +--------+--------+--------+--------+--------+-----+--------+
         Total |    350 |    343 |      7 |    111 |      0 |   1 |  350.0 |
       Dungeon |    350 |    343 |      7 |    111 |      0 |   1 |  350.0 |
               +--------+--------+--------+--------+--------+-----+--------+

Top non-repeatable levels by time:
       D: 350 daAuts
